 Dungeon Crawl Stone Soup version 0.27.1-34-g3ba077fa99 (webtiles) character file.

Game seed: 15827438650189741194

614517 pkoi the Wrestler (level 26, -33/342 HPs)
             Began as a Red Draconian Monk on Jan 20, 2022.
             Was a High Priest of Okawaru.
             Hit by a large rock thrown by a stone giant (41 damage)
             ... on level 5 of the Vaults on Jan 21, 2022.
             The game lasted 05:29:02 (116948 turns).

pkoi the Wrestler (Red Draconian Monk)            Turns: 116948, Time: 05:29:03

Health: -33/342    AC: 22    Str: 28    XL:     26   Next: 85%
Magic:  20/30      EV: 16    Int: 28    God:    Okawaru [*****.]
Gold:   3011       SH:  0    Dex: 21    Spells: 28/50 levels left

rFire    + + .     SeeInvis .     - Unarmed
rCold    + + .     Faith    .   (shield currently unavailable)
rNeg     + + .     Spirit   .   (armour unavailable)
rPois    +         Reflect  .   (helmet currently unavailable)
rElec    +         Harm     .   (cloak currently unavailable)
rCorr    +         Rampage  .   (gloves currently unavailable)
Will     +....                  (boots currently unavailable)
Stlth    +++++.....             e - macabre finger necklace {rN+}
HPRegen  0.67/turn              t - ring of Joodepow {rElec rC+ rN+ rCorr Str+3}
MPRegen  0.22/turn              j - ring of Awifyakha {rPois Dex+3}
                                p - ring of the Okapi {rC++ MP-9 Int+6 Dex+3}

@: about to teleport, dragon-form, finesse-ful, marked, flying, slowed, studying
2 skills, very slow
A: dragon claw, dragon scales, flying, boosted hp, breathe fire, AC +12, giant,
unfitting armour, (fire resistance 1), (cold-blooded), thin skeletal structure
1, MP-powered wands
}: 3/15 runes: barnacled, slimy, gossamer
a: Breathe Fire, End Transformation, Renounce Religion, Heroism, Finesse


You were on level 5 of the Vaults.
You worshipped Okawaru.
Okawaru was extremely pleased with you.
You were a fearsome fire dragon!
You visited 10 branches of the dungeon, and saw 50 of its levels.
You visited 1 bazaar.
You also visited: Bailey and Desolation.

You collected 9266 gold pieces.
You spent 6255 gold pieces at shops.

Inventory:

Hand Weapons
 b - the +9 arbalest of the Common Good {flame, Dex+6}
   (You found it on level 1 of the Shoals)

   Any ammunition fired from it burns those it strikes, dealing additional fire
   damage.
   Dex:       It affects your dexterity (+6).
 c - the +6 arbalest "Damnation" {damnation}
   (You bought it in a shop on level 3 of the Dungeon)

   Any ammunition fired from it explodes in a burst of damnation on striking a
   foe, dealing damage which bypasses armour.
 T - the +9 heavy crossbow "Sniper" {vorpal, Acc+∞ SInv}
   (Okawaru gifted it to you on level 2 of the Depths)

   Any ammunition fired from it inflicts extra damage upon your enemies.
   Any ammunition fired from it never misses its target.
   SInv:      It lets you see invisible.
Missiles
 n - 16 curare-tipped darts
 v - 1093 bolts
 H - 10 throwing nets
Armour
 A - a +2 pair of boots of flying (melded)
 K - a +2 pair of gloves of archery (melded)
 N - the +2 cloak "Exuddox" (melded) {Slay+4}
   (You bought it in a shop on level 2 of the Orcish Mines)

   Slay:      It affects your accuracy & damage with ranged weapons and melee
   (+4).
 Q - a +2 hat of willpower (melded)
Jewellery
 e - the macabre finger necklace (around neck) {rN+}
   (You found it in the Desolation of Salt)

   [amulet of nothing]

   It enables you to equip an extra ring.
   rN:        It protects you from negative energy.
 j - the ring of Awifyakha (right foreclaw) {rPois Dex+3}
   (You found it in the Desolation of Salt)

   [ring of poison resistance]

   Dex:       It affects your dexterity (+3).
   rPois:     It protects you from poison.
 l - the amulet "Honin" {RegenMP rPois rC+ Dex-5}
   (You took it off an ironbound convoker in the Desolation of Salt)

   [amulet of magic regeneration]

   It increases your rate of magic regeneration.
   Dex:       It affects your dexterity (-5).
   rC:        It protects you from cold.
   rPois:     It protects you from poison.
 p - the ring of the Okapi (on amulet) {rC++ MP-9 Int+6 Dex+3}
   (You acquired it on level 4 of the Vaults)

   [ring of intelligence]

   Int:       It affects your intelligence (+6).
   Dex:       It affects your dexterity (+3).
   rC:        It greatly protects you from cold.
   MP:        It affects your magic capacity (-9).
 r - a ring of see invisible
 t - the ring of Joodepow (left foreclaw) {rElec rC+ rN+ rCorr Str+3}
   (You found it on level 2 of the Vaults)

   [ring of protection from cold]

   Str:       It affects your strength (+3).
   rC:        It protects you from cold.
   rElec:     It insulates you from electricity.
   rN:        It protects you from negative energy.
   rCorr:     It protects you from acid and corrosion.
 u - a ring of fire
 Y - a ring of protection from cold
Wands
 h - a wand of digging (17)
 k - a wand of mindburst (15)
 q - a wand of flame (30) (quivered)
 E - a wand of acid (32)
Scrolls
 o - 7 scrolls of teleportation
 w - 13 scrolls of magic mapping
 x - 2 scrolls of summoning
 O - 4 scrolls of blinking
 R - 7 scrolls of fear
 U - 6 scrolls of fog
 V - 3 scrolls of silence
 X - a scroll of holy word
Potions
 a - a potion of cancellation
 d - 4 potions of heal wounds
 f - 3 potions of might
 g - 13 potions of curing
 m - 5 potions of haste
 s - 5 potions of brilliance
 C - 5 potions of berserk rage
 D - a potion of ambrosia
 G - a potion of magic
 I - 4 potions of resistance
 P - 2 potions of invisibility
Miscellaneous
 i - a phantom mirror


   Skills:
 + Level 17.2 Fighting
 - Level 18.0 Crossbows
 + Level 16.6 Dodging
 - Level 9.0 Stealth
 + Level 22.2 Unarmed Combat
 + Level 12.7 Spellcasting
 - Level 6.0 Hexes
 - Level 12.0 Translocations
 - Level 18.0 Transmutations
 + Level 9.9 Invocations


You had 28 spell levels left.
You knew the following spells:

 Your Spells              Type           Power      Damage    Failure   Level
a - Apportation           Tloc           100%       N/A       1%          1
b - Blink                 Tloc           N/A        N/A       1%          2
c - Manifold Assault      Tloc           71%        N/A       1%          5
d - Portal Projectile     Hex/Tloc       100%       N/A       1%          3
e - Passage of Golubria   Tloc           N/A        N/A       1%          4
f - Dragon Form           Tmut           43%        N/A       1%          7

Your spell library contained the following spells:

 Spells                   Type           Power      Damage    Failure   Level
 Beastly Appendage        Tmut           100%       N/A       0%          1
 Wereblood                Tmut           87%        N/A       0%          2
 Corona                   Hex            56%        N/A       1%          1
 Ensorcelled Hibernation  Hex/Ice        68%        N/A       1%          2
 Passwall                 Tmut/Erth      51%        N/A       1%          2
 Slow                     Hex            51%        N/A       1%          2
 Confusing Touch          Hex            51%        N/A       1%          3
 Gell's Gravitas          Tloc           35%        N/A       1%          3
 Ignite Poison            Fire/Tmut/Pois 51%        N/A       1%          3
 Spider Form              Tmut/Pois      31%        N/A       1%          3
 Teleport Other           Tloc           71%        N/A       1%          3
 Tukima's Dance           Hex            51%        N/A       1%          3
 Ice Form                 Ice/Tmut       62%        N/A       1%          4
 Petrify                  Tmut/Erth      62%        N/A       1%          4
 Blade Hands              Tmut           43%        N/A       1%          5
 Irradiate                Conj/Tmut      31%        3d23      1%          5
 Yara's Violent Unravell  Hex/Tmut       35%        3d14      1%          5
 Dazzling Flash           Conj/Hex       68%        N/A       2%          3
 Animate Skeleton         Necr           34%        N/A       3%          1
 Pain                     Necr           68%        1d7       3%          1
 Shock                    Conj/Air       68%        1d7       3%          1
 Summon Small Mammal      Summ           68%        N/A       3%          1
 Dispersal                Tloc           35%        N/A       3%          6
 Call Imp                 Summ           17%        N/A       4%          2
 Corpse Rot               Necr/Air       N/A        N/A       4%          2
 Poisonous Vapours        Pois/Air       34%        N/A       4%          2
 Static Discharge         Conj/Air       17%        N/A       4%          2
 Sublimation of Blood     Necr           8%         N/A       4%          2
 Summon Forest            Summ/Tloc      25%        N/A       7%          5
 Call Canine Familiar     Summ           17%        N/A       9%          3
 Conjure Flame            Conj/Fire      17%        6-21      9%          3
 Frozen Ramparts          Ice            34%        1d5       9%          3
 Mephitic Cloud           Conj/Pois/Air  17%        N/A       9%          3
 Ozocubu's Armour         Ice            17%        N/A       9%          3
 Stone Arrow              Conj/Erth      34%        3d9       9%          3
 Swiftness                Air            17%        N/A       9%          3
 Vampiric Draining        Necr           8%         2d7       9%          3
 Leda's Liquefaction      Hex/Erth       17%        N/A       9%          4
 Eringya's Noxious Bog    Tmut/Pois      31%        N/A       12%         6
 Statue Form              Tmut/Erth      41%        N/A       12%         6
 Metabolic Englaciation   Hex/Ice        17%        N/A       24%         5
 Silence                  Hex/Air        17%        N/A       24%         5
 Summon Mana Viper        Hex/Summ       34%        N/A       24%         5
 Airstrike                Air            8%         N/A       30%         4
 Animate Dead             Necr           8%         N/A       30%         4
 Dispel Undead            Necr           17%        3d10      30%         4
 Sticky Flame             Conj/Fire      17%        2d4       30%         4
 Summon Ice Beast         Ice/Summ       17%        N/A       30%         4
 Storm Form               Tmut/Air       31%        N/A       54%         7
 Agony                    Necr           17%        N/A       63%         5
 Bolt of Magma            Conj/Fire/Erth 8%         4d6       63%         5
 Borgnjor's Vile Clutch   Necr/Erth      8%         N/A       63%         5
 Excruciating Wounds      Necr           8%         N/A       63%         5
 Freezing Cloud           Conj/Ice/Air   8%         6-21      63%         5
 Iskenderun's Battlesphe  Conj           17%        2d7       63%         5
 Lightning Bolt           Conj/Air       8%         1d21      63%         5
 Disjunction              Tloc           35%        N/A       82%         8
 Malign Gateway           Summ/Tloc      25%        N/A       91%         7
 Conjure Ball Lightning   Conj/Air       8%         3x3d6     99%         6
 Death Channel            Necr           8%         N/A       99%         6
 Iron Shot                Conj/Erth      8%         9d3       99%         6
 Shadow Creatures         Summ           N/A        N/A       99%         6
 Ozocubu's Refrigeration  Ice            8%         4d6       100%        7
 Spellforged Servitor     Conj/Summ      8%         N/A       100%        7
 Summon Hydra             Summ           8%         N/A       100%        7
 Discord                  Hex            25%        N/A       100%        8
 Lehudib's Crystal Spear  Conj/Erth      8%         10d4      100%        8
 Maxwell's Capacitive Co  Air            8%         ∞         100%        8
 Summon Horrible Things   Summ           8%         N/A       100%        8
 Chain Lightning          Conj/Air       8%         3d11      100%        9
 Death's Door             Necr           8%         N/A       100%        9
 Fire Storm               Conj/Fire      8%         8d2       100%        9
 Shatter                  Erth           8%         3d10*     100%        9


Dungeon Overview and Level Annotations

Branches:
Dungeon (15/15)            Temple (1/1) D:6            Lair (6/6) D:8
 Shoals (4/4) Lair:4       Spider (4/4) Lair:3        Slime (5/5) Lair:6
    Orc (2/2) D:10            Elf (3/3) Orc:2        Vaults (5/5) D:14
  Crypt (0/3) Vaults:3     Depths (5/5) D:15            Zot (0/5) Depths:5
 Bailey (visited)         Desolation (visited)

Altars:
Ashenzari
Cheibriados
Dithmenos
Elyvilon
Fedhas
Gozag
Hepliaklqana
Kikubaaqudgha
Makhleb
Nemelex Xobeh
Okawaru
Qazlal
Ru
Sif Muna
Trog
Uskayaw
Vehumet
Wu Jian
Xom
Yredelemnul
Zin
The Shining One
Beogh

Shops:
D:3 (   D:7 *[   D:8 *   Orc:1 [:?=?   Orc:2 [*?   Elf:3 =   Vaults:2 :
Vaults:4 =   Depths:5 :==

Portals:
Hell: Depths:1 Depths:2 Depths:3 Depths:4 Depths:5
Abyss: Depths:3 Depths:4
Pandemonium: Depths:3
Ziggurat: Depths:4


Innate Abilities, Weirdness & Mutations

You are a fearsome fire dragon!
You have a powerful clawing attack.
Your giant scaled body is strong and resiliant, but less evasive.
Your breath weapon is enhanced in this form.
You are flying.
Your maximum health is greatly increased.
Your armour is entirely melded.
You are incapable of wielding weapons or throwing items.
You can breathe blasts of fire.
Your fiery red scales are hard. (AC +12)
You cannot fit into any form of body armour.
((Your flesh is heat resistant. (rF+)))
((You are cold-blooded and may be slowed by cold attacks.))
You have a somewhat thin skeletal structure. (Dex +2, Stealth+)
You expend magic power (3 MP) to strengthen your wands.


Message History

The vault warden is empowered by the deep elf high priest's aura!
The deep elf high priest barely misses you.
The deep troll bites you!
* * * LOW HITPOINT WARNING * * *
The deep troll claws you.
* * * LOW HITPOINT WARNING * * *
The deep troll claws you!
* * * LOW HITPOINT WARNING * * *
The vault sentinel casts a spell at you.
You barely resist. Something hits you.
* * * LOW HITPOINT WARNING * * *
The vault warden misses you. The freezing wraith hits you.
* * * LOW HITPOINT WARNING * * *
The freezing wraith freezes you. You resist.
* * * LOW HITPOINT WARNING * * *
The freezing wraith hits you but does no damage.
The tormentor calls on the powers of darkness!
The ironbound preserver convulses!
The deep elf demonologist convulses!
The deep troll convulses! x2; The yaktaur captain convulses!
The stone giant convulses!
The deep troll convulses!
The titan convulses!
The deep troll convulses!
The deep elf high priest convulses!
The vault warden convulses!
The deep troll convulses!
Your body is wracked with pain!
* * * LOW HITPOINT WARNING * * *
The green very ugly thing convulses!
The titan convulses!
Something is bathed in an unholy light!
The vault sentinel convulses!
The deep elf death mage convulses!
The ironbound preserver dies!
The titan misses you.
Something touches you but does no damage.
The green death barely misses you.
Unknown command.
Blink to where?
Press: ? - help, Dir - move target A stone giant comes into view.
Found a wand of paralysis (6).
As you read the scroll of blinking, it crumbles to dust.
The runic seals fade away.
The stone giant throws a large rock.
The large rock hits you!!!
You die...

.....#....#.....#
....#....#.....##
.C.#....#......#..
.......[.p.......
#####e.....!.##########
..........[[...........
.......[<{W[...........
......[Cp.T....Q...../.
......u){T[C...D.C.....
#####.pe)2c4e##########
#.W.T.Cp..3.T
#..#....#2..)
..###....# T.. #..
#...e# .. W# #...*# .
#.D..#


You could see an ironbound preserver (empowered), a titan (empowered), 2 stone
giants, a tengu reaver, a yaktaur captain, a green death (summoned), 2 deep
trolls, a deep elf demonologist (empowered), an orange demon (summoned), a vault
sentinel (empowered, sheltered, catching breath) and a freezing wraith.

Vanquished Creatures
  the Royal Jelly (Slime:5)
  A dread lich (Vaults:4)
  An ancient lich (Vaults:5)
  A juggernaut (Depths:3)
  Frederick (Depths:4)
  3 caustic shrikes (Depths:4)
  Nikola (Elf:2)
  The ghost of Soammui the Slayer, an adept MiBe of Trog (Elf:2)
  Jory (Vaults:3)
  2 bone dragons (Depths:5)
  A Tzitzimitl (Depths:4)
  3 tentacled monstrosities
  5 liches
  3 deep elf blademasters
  Rupert (Orc:2)
  Asterion (Spider:4)
  3 titans
  4 deep elf master archers (Elf:3)
  5 sphinxes
  14 acid blobs
  4 shadow dragons
  5 storm dragons
  Donald (Elf:1)
  4 tengu reavers
  13 azure jellies
  9 rockslimes
  9 fire giants
  A draconian knight (Depths:5)
  13 frost giants
  2 orc warlords (Vaults:4)
  6 spectral caustic shrikes
  21 vault wardens
  2 iron dragons
  5 deep elf sorcerers (Elf:3)
  An imperial myrmidon (Desolation)
  4 ghost moths (Spider:4)
  Louise (Depths:3)
  Aizul (Spider:1)
  A draconian stormcaller (Depths:5)
  6 deep elf elementalists (Elf:3)
  A spectral juggernaut (Depths:4)
  3 emperor scorpions
  The ghost of Kuerar the Basher, a journeyman BaFi of Cheibriados (Lair:4)
  3 war gargoyles
  17 very ugly things
  9 stone giants
  3 spriggan defenders (Depths:4)
  14 ironbound preservers
  4 vampire knights (Depths:4)
  9 quicksilver oozes
  2 green draconians (Depths:5)
  Nessos (D:13)
  2 spectral titans
  2 dire elephants (Vaults:1)
  8 deep elf demonologists
  An entropy weaver (shapeshifter) (D:15)
  A spark wasp (shapeshifter) (Depths:3)
  3 entropy weavers
  8 spark wasps
  A red draconian (Depths:5)
  6 deep elf annihilators
  2 halazid warlocks (Desolation)
  7 merfolk javelineers (Shoals:4)
  10 deep elf death magi
  2 eidola (Depths:4)
  Snorg (D:12)
  A spectral quicksilver dragon (Depths:4)
  13 merfolk impalers
  13 yaktaur captains
  7 ettins
  12 fire dragons
  6 crystal guardians
  8 ragged hierophants (Desolation)
  2 spectral golden dragons (Depths:4)
  5 deep elf high priests
  47 vault guards
  A spectral tengu (Depths:4)
  Harold (D:8)
  4 ice dragons
  11 great orbs of eyes
  4 ironbound thunderhulks
  A rakshasa (Depths:3)
  A caustic shrike simulacrum (Depths:4)
  10 hydras
  7 servants of whispers (Desolation)
  8 spriggan air magi
  A salamander tyrant (Depths:5)
  2 spectral shadow dragons
  6 boulder beetles
  17 peacekeepers
  5 merfolk avatars
  10 ironbound frosthearts
  2 alligator snapping turtles (Shoals:3)
  A catoblepas (Lair:2)
  A hell beast (Depths:3)
  2 merfolk aquamancers (Shoals:4)
  A hydra (shapeshifter) (D:13)
  2 juggernaut simulacra (Depths:4)
  3 death knights
  3 spectral sphinxes
  2 spectral fire giants (Depths:4)
  14 deep troll shamans
  22 centaur warriors
  5 two-headed ogres
  10 deep troll earth magi
  24 dancing weapons
  5 vampire magi
  6 ironbound beastmasters
  9 tengu warriors
  3 spectral storm dragons (Depths:4)
  9 spriggan berserkers
  5 orc high priests
  A hell knight (Depths:5)
  4 spectral elves (Depths:4)
  11 deep elf knights
  4 soul eaters (Depths:4)
  4 skeletal warriors (D:15)
  A storm dragon skeleton (Vaults:3)
  43 deep trolls
  A salamander mystic (Depths:5)
  14 iron trolls
  11 sea snakes
  A death drake (Depths:4)
  A spectral spark wasp (Depths:4)
  A swamp dragon (Lair:6)
  13 deep elf archers
  2 orange crystal statues (Depths:4)
  2 phantasmal warriors
  4 spectral iron dragons
  4 flayed ghosts
  9 glowing orange brains
  9 harpies
  12 lindwurms
  4 necromancers
  6 wizards
  29 deep elf zephyrmancers
  Pikel (D:7)
  15 orc knights
  A harpy (shapeshifter) (Elf:1)
  28 deep elf pyromancers
  17 ironbound convokers
  14 orb spiders
  A tengu skeleton (Vaults:5)
  28 ugly things
  33 wolf spiders
  2 oklob plants (Lair:6)
  5 orc sorcerers
  7 shining eyes
  12 fauns
  A frost giant zombie (Vaults:3)
  A glowing shapeshifter (Vaults:4)
  8 cyclopes
  17 manticores
  A fire giant zombie (D:15)
  5 salamanders (Depths:5)
  9 elephants
  Maurice (D:10)
  4 black mambas
  An ice statue (Lair:3)
  3 moths of wrath
  12 merfolk sirens
  4 eyes of devastation
  An iron dragon skeleton (D:15)
  A stone giant skeleton (Depths:2)
  16 vault sentinels
  5 water nymphs
  2 guardian serpents (Desolation)
  A rust devil (Depths:3)
  A storm dragon simulacrum (Depths:4)
  A titan simulacrum (Depths:4)
  An orange demon (Depths:3)
  6 torpor snails
  14 cane toads
  5 gargoyles
  An unseen horror (shapeshifter) (Vaults:4)
  2 spriggan zombies (Depths:2)
  28 yaktaurs
  A hellwing (Depths:3)
  An unseen horror (D:8)
  3 rime drakes (Lair:6)
  9 freezing wraiths
  9 komodo dragons
  5 tengu conjurers
  A spectral glowing shapeshifter (Depths:4)
  16 demonic crawlers
  2 kobold demonologists (D:12)
  2 golden dragon simulacra (Depths:4)
  A troll (shapeshifter) (D:13)
  31 jumping spiders
  6 trolls
  An ice devil (Lair:3)
  A human zombie (Vaults:5)
  A jumping spider (shapeshifter) (Elf:3)
  A tengu simulacrum (Depths:4)
  A yaktaur skeleton (Vaults:5)
  24 merfolk
  A queen bee (Spider:4)
  A shadow dragon simulacrum (Depths:4)
  6 meliai
  14 polar bears
  3 raiju (Lair:6)
  3 wind drakes
  A wolf spider simulacrum (D:15)
  15 hornets
  13 blink frogs
  11 snapping turtles
  A deep troll zombie (D:15)
  A fire dragon zombie (D:15)
  The ghost of 0gre the Chiller, an amateur GnIE (D:4)
  67 saltlings (Desolation)
  130 slime creatures
  An iron dragon simulacrum (Depths:4)
  9 dream sheep
  3 wraiths
  3 air elementals
  60 redbacks
  3 wyverns
  16 water elementals
  A vampire (D:11)
  63 yaks
  33 tarantellas
  9 spriggans
  A tarantella (shapeshifter) (D:15)
  The ghost of safid the Chopper, an amateur HOFi (D:4)
  3 fire elementals
  2 fire bats (Depths:5)
  A steam dragon (Lair:6)
  A neqoxec (Depths:3)
  A golden eye (shapeshifter) (Elf:3)
  6 basilisks
  8 vampire mosquitoes
  5 wargs
  Menkaure (D:4)
  4 acid dragons
  13 water moccasins
  A floating eye (shapeshifter) (Vaults:5)
  3 floating eyes
  Duvessa (D:7)
  14 hell hounds (Lair:6)
  2 ice beasts
  22 orc warriors
  2 swamp drakes (Lair:6)
  A black bear (shapeshifter) (Elf:3)
  A human skeleton (Vaults:3)
  15 black bears
  6 ogres
  2 necrophages
  23 wolves
  6 centaurs
  3 phantoms
  4 lemures
  3 elf simulacra (Depths:4)
  12 bullfrogs
  8 kobold brigands
  3 earth elementals
  11 gnoll sergeants
  3 wyvern zombies
  Dowan (D:7)
  3 scorpions
  A glowing shapeshifter simulacrum (Depths:4)
  25 killer bees
  A water moccasin skeleton (D:4)
  3 wights
  7 electric eels
  5 jellies
  8 gnoll shamans
  5 centaur zombies
  16 orc priests
  3 hounds
  2 bullfrog skeletons (D:6)
  Jessica (D:3)
  5 iguanas
  A scorpion zombie (D:5)
  25 orc wizards
  6 hell rats (Lair:5)
  A killer bee zombie (D:8)
  A howler monkey zombie (D:9)
  8 adders
  34 gnolls
  3 white imps (Lair:3)
  2 ufetubi
  4 worms
  5 dart slugs
  58 orcs
  4 ball pythons
  5 bats
  17 endoplasms
  A giant cockroach (D:2)
  9 goblins
  7 hobgoblins
  4 jackals (D:4)
  34 kobolds
  2 quokkas (D:2)
  3 rats
  4 bushes (Depths:2)
2224 creatures vanquished.

Vanquished Creatures (others)
  An ironbound preserver (Vaults:5)
  A peacekeeper (Desolation)
  A merfolk (Shoals:4)
  A wind drake (Shoals:4)
  2 orc wizards
  24 bushes (Depths:2)
  55 fungi
  187 plants
  9 toadstools (D:2)
  4 withered plants
285 creatures vanquished.

Grand Total: 2509 creatures vanquished

Notes
Turn   | Place    | Note
-------+----------+-------------------------------------------
     0 | D:1      | pkoi the Draconian Monk began the quest for the Orb.
     0 | D:1      | Reached XP level 1. HP: 19/19 MP: 1/1
   369 | D:1      | Reached XP level 2. HP: 26/26 MP: 2/2
   780 | D:1      | Reached skill level 4 in Unarmed Combat
   994 | D:2      | Reached XP level 3. HP: 29/31 MP: 3/3
  1300 | D:2      | Found a faded altar of an unknown god.
  1875 | D:3      | Found Fues Hainka's Antique Weapon Emporium.
  1898 | D:3      | Reached XP level 4. HP: 21/38 MP: 4/4
  2209 | D:3      | Reached skill level 5 in Unarmed Combat
  2472 | D:3      | Noticed Jessica
  2484 | D:3      | Killed Jessica
  3201 | D:3      | Reached XP level 5. HP: 20/45 MP: 5/5
  3694 | D:4      | Reached skill level 6 in Unarmed Combat
  3728 | D:4      | Noticed an ogre
  4069 | D:4      | Noticed a phantom
  4111 | D:4      | Killed a phantom
  4112 | D:4      | Reached XP level 6. HP: 27/51 MP: 6/6
  4334 | D:4      | Reached skill level 7 in Unarmed Combat
  4533 | D:4      | Noticed Menkaure
  4543 | D:4      | Killed Menkaure
  4554 | D:4      | Reached skill level 8 in Unarmed Combat
  4554 | D:4      | Your scales start taking on a fiery red colour.
  4554 | D:4      | Reached XP level 7. HP: 54/57 MP: 7/7
  4554 | D:4      | Gained mutation: Your flesh is heat resistant. (rF+) [Red
                  | Draconian growth]
  4581 | D:4      | Noticed a yak
  4583 | D:4      | Noticed a yak
  5121 | D:4      | Noticed a yak
  5144 | D:4      | Found a runed translucent gate.
  5144 | D:4      | Found a runed translucent gate.
  5144 | D:4      | Found a runed translucent gate.
  5144 | D:4      | Noticed safid's ghost (amateur HOFi)
  5144 | D:4      | Noticed 0gre's ghost (amateur GnIE)
  5343 | D:4      | Killed a yak
  5344 | D:4      | Reached skill level 9 in Unarmed Combat
  5960 | D:3      | Killed a yak
  5961 | D:3      | Reached XP level 8. HP: 56/63 MP: 8/8
  5997 | D:4      | Reached skill level 10 in Unarmed Combat
  6179 | D:3      | Bought a hand crossbow for 98 gold pieces
  6224 | D:5      | Entered Level 5 of the Dungeon
  6431 | D:5      | Reached skill level 1 in Crossbows
  7772 | D:6      | Reached XP level 9. HP: 72/73 MP: 9/9
  7805 | D:6      | Found a staircase to the Ecumenical Temple.
  7818 | Temple   | Entered the Ecumenical Temple
  8027 | D:6      | Reached skill level 5 in Fighting
  8452 | D:7      | Noticed Duvessa
  8452 | D:7      | Noticed Dowan
  8465 | D:7      | Killed Duvessa
  8474 | D:7      | Killed Dowan
  8522 | D:7      | Noticed a boulder beetle
  8803 | D:7      | Noticed Pikel
  8903 | D:7      | Killed Pikel
  8904 | D:7      | Reached skill level 11 in Unarmed Combat
  9052 | D:7      | Found Iganing's Profane Products.
  9167 | D:7      | Found a hazy altar of Hepliaklqana.
  9167 | D:7      | Found a blossoming altar of Fedhas.
  9167 | D:7      | Found an iron altar of Okawaru.
  9167 | D:7      | Found a snail-covered altar of Cheibriados.
  9167 | D:7      | Found a hide-covered altar of Uskayaw.
  9167 | D:7      | Noticed a troll
  9168 | D:7      | Found a shimmering blue altar of Sif Muna.
  9168 | D:7      | Found a sparkling altar of Nemelex Xobeh.
  9181 | D:7      | Killed a troll
  9182 | D:7      | Reached skill level 5 in Dodging
  9247 | D:7      | Found a glowing golden altar of the Shining One.
  9254 | D:7      | Became a worshipper of Warmaster Okawaru
  9254 | D:7      | Reached * piety under Okawaru
  9254 | D:7      | Reached ** piety under Okawaru
  9891 | D:2      | Reached skill level 1 in Invocations
 10214 | D:7      | Found a bloodstained altar of Trog.
 10384 | D:7      | Killed a boulder beetle
 10384 | D:7      | Reached *** piety under Okawaru
 10385 | D:7      | Reached XP level 10. HP: 47/83 MP: 6/12
 10577 | D:7      | Found Cib Mots's Armour Emporium.
 10717 | D:7      | Noticed a gargoyle
 10727 | D:7      | Killed a gargoyle
 10728 | D:7      | Reached skill level 5 in Crossbows
 11049 | D:8      | Noticed Harold
 11060 | D:8      | Killed Harold
 11060 | D:8      | Reached **** piety under Okawaru
 11390 | D:8      | Found Runitead's General Store.
 11402 | D:8      | Learned a level 1 spell: Apportation
 11492 | D:8      | Noticed a two-headed ogre
 11502 | D:8      | Killed a two-headed ogre
 11502 | D:8      | Received a gift from Okawaru
 11503 | D:8      | Reached skill level 1 in Spellcasting
 11503 | D:8      | Reached skill level 1 in Translocations
 11972 | D:8      | Found a staircase to the Lair.
 12035 | D:8      | Reached skill level 12 in Unarmed Combat
 12275 | Lair:1   | Entered Level 1 of the Lair of Beasts
 12276 | Lair:1   | Noticed a cane toad
 12453 | D:8      | Killed a cane toad
 12466 | D:8      | Reached skill level 5 in Invocations
 12814 | Lair:1   | Noticed a black mamba
 12823 | D:8      | Killed a black mamba
 12823 | D:8      | Reached ***** piety under Okawaru
 12823 | D:8      | Received a gift from Okawaru
 13102 | Lair:1   | Noticed a cane toad
 13110 | D:8      | Killed a cane toad
 13111 | D:8      | Reached XP level 11. HP: 79/89 MP: 10/14
 13455 | Lair:1   | Reached skill level 13 in Unarmed Combat
 13455 | Lair:1   | Reached XP level 12. HP: 96/96 MP: 16/16
 14250 | Lair:2   | Noticed a catoblepas
 14292 | Lair:2   | Killed a catoblepas
 14292 | Lair:2   | Received a gift from Okawaru
 15838 | Lair:3   | Received a gift from Okawaru
 15839 | Lair:3   | Reached skill level 5 in Translocations
 16145 | Lair:3   | Identified a scroll of acquirement
 16145 | Lair:3   | Acquired 1164 gold pieces
 16177 | Lair:3   | Reached skill level 14 in Unarmed Combat
 16293 | D:8      | Bought a scroll of acquirement for 676 gold pieces
 16293 | D:8      | Acquired 928 gold pieces
 16492 | Lair:3   | Received a gift from Okawaru
 16602 | Lair:3   | Found a hole to the Spider Nest.
 17115 | Lair:4   | Found a large runed translucent door.
 17116 | Lair:4   | Found a large runed translucent door.
 17117 | Lair:4   | Noticed Kuerar's ghost (journeyman BaFi)
 17485 | Lair:4   | Reached XP level 13. HP: 103/103 MP: 18/18
 18253 | Lair:4   | Reached skill level 10 in Crossbows
 18786 | Lair:4   | Found a staircase to the Shoals.
 19237 | Lair:4   | Received a gift from Okawaru
 19673 | D:4      | Killed safid's ghost
 19684 | D:4      | Killed 0gre's ghost
 20138 | Lair:5   | Received a gift from Okawaru
 20881 | Lair:5   | Received a gift from Okawaru
 22622 | D:9      | Received a gift from Okawaru
 23186 | D:10     | Entered Level 10 of the Dungeon
 23333 | D:10     | Found a staircase to the Orcish Mines.
 23410 | D:10     | Found a white marble altar of Elyvilon.
 24072 | Orc:1    | Entered Level 1 of the Orcish Mines
 25358 | D:12     | Found a flagged portal.
 25378 | Bailey   | Entered a bailey
 25552 | Bailey   | Identified the +6 hand axe "Leipal" {vorpal, rCorr}
 26200 | D:12     | Noticed Snorg
 26207 | D:12     | Killed Snorg
 26207 | D:12     | Received a gift from Okawaru
 26439 | D:12     | Reached XP level 14. HP: 52/108 MP: 10/20
 27519 | Lair:6   | Entered Level 6 of the Lair of Beasts
 27529 | Lair:5   | Reached skill level 15 in Unarmed Combat
 28001 | Lair:6   | Found a staircase to the Slime Pits.
 28239 | Lair:6   | Received a gift from Okawaru
 28431 | Lair:6   | Received a gift from Okawaru
 29421 | D:3      | Bought the +6 arbalest "Damnation" {damnation} for 2240
                  | gold pieces
 29421 | D:3      | Found the +6 arbalest "Damnation" {damnation}
 30638 | Lair:6   | Received a gift from Okawaru
 31150 | Lair:6   | Reached skill level 16 in Unarmed Combat
 32181 | D:13     | Noticed Nessos
 32185 | D:13     | Killed Nessos
 33099 | D:13     | Reached XP level 15. HP: 88/124 MP: 14/21
 34420 | Orc:1    | Noticed Maurice
 35063 | D:10     | Killed Maurice
 35319 | Orc:1    | Found Kyhocon's Magic Scroll Shop.
 35442 | Orc:1    | Found Miyvej's Magic Scroll Shoppe.
 35628 | Orc:1    | Bought a scroll of amnesia for 42 gold pieces
 35628 | Orc:1    | Found Ynyum's Jewellery Emporium.
 35666 | Orc:1    | Received a gift from Okawaru
 35947 | Orc:1    | Found Azemn's Book Emporium.
 35950 | Orc:1    | Found Ifyel's Armour Shoppe.
 35972 | Orc:1    | Bought a +4 ring of slaying for 1092 gold pieces
 36186 | Orc:2    | Entered Level 2 of the Orcish Mines
 36301 | Orc:1    | Bought an Inescapable Atlas for 476 gold pieces
 36304 | Orc:1    | Learned a level 2 spell: Blink
 36310 | Orc:1    | Learned a level 5 spell: Manifold Assault
 36629 | Orc:2    | Noticed Rupert
 36637 | Orc:2    | Killed Rupert
 36690 | Orc:2    | Found a staircase to the Elven Halls.
 37724 | Orc:2    | Paralysed by an orc sorcerer for 2 turns
 37738 | Orc:2    | Found Qemeica's Armour Shoppe.
 37743 | Orc:2    | Found Gaotoz's Assorted Antiques.
 37758 | Orc:2    | Bought a brightly glowing cloak for 275 gold pieces
 37758 | Orc:2    | Identified the +2 cloak "Exuddox" {Slay+4} (You bought it
                  | in a shop on level 2 of the Orcish Mines)
 37763 | Orc:2    | Found Kaliq's Weapon Boutique.
 37765 | Orc:2    | Found Pezoiryts's Magic Scroll Shoppe.
 37778 | Orc:2    | Bought a scroll of blinking for 120 gold pieces
 37778 | Orc:2    | Bought a scroll of teleportation for 48 gold pieces
 37778 | Orc:2    | Bought a scroll of teleportation for 48 gold pieces
 38775 | D:14     | Reached skill level 17 in Unarmed Combat
 38973 | D:14     | Found a gate to the Vaults.
 39250 | D:14     | Received a gift from Okawaru
 40486 | D:14     | Received a gift from Okawaru
 40951 | Lair:4   | Killed Kuerar's ghost
 41390 | Elf:1    | Entered Level 1 of the Elven Halls
 41645 | Shoals:1 | Entered Level 1 of the Shoals
 42258 | Shoals:1 | Reached XP level 16. HP: 132/132 MP: 22/22
 43083 | Shoals:1 | Identified the +9 arbalest of the Common Good {flame,
                  | Dex+6}
 44216 | Shoals:2 | Reached skill level 18 in Unarmed Combat
 44555 | Shoals:2 | Received a gift from Okawaru
 44708 | Shoals:2 | Learned a level 3 spell: Portal Projectile
 45633 | Shoals:3 | Reached skill level 1 in Hexes
 45670 | Shoals:3 | Learned a level 4 spell: Passage of Golubria
 47936 | Elf:1    | Noticed Donald
 47941 | Elf:1    | Killed Donald
 47942 | Elf:1    | Reached skill level 10 in Fighting
 49239 | Elf:1    | Received a gift from Okawaru
 49240 | Elf:1    | Reached skill level 10 in Dodging
 49287 | Elf:1    | Reached XP level 17. HP: 108/141 MP: 23/23
 49706 | Elf:1    | Received a gift from Okawaru
 49978 | Elf:1    | Found a shimmering blue altar of Sif Muna.
 50674 | Orc:1    | Bought a ring of poison resistance for 280 gold pieces
 50838 | Spider:1 | Entered Level 1 of the Spider Nest
 51103 | Spider:1 | Noticed Aizul
 51133 | Spider:1 | Killed Aizul
 51648 | Spider:1 | Received a gift from Okawaru
 51959 | Spider:1 | Reached skill level 5 in Hexes
 52336 | Spider:1 | Found a hide-covered altar of Uskayaw.
 52352 | Spider:1 | Received a gift from Okawaru
 52870 | Spider:1 | Received a gift from Okawaru
 53898 | Spider:2 | Received a gift from Okawaru
 56255 | Spider:3 | Received a gift from Okawaru
 57312 | Shoals:4 | Entered Level 4 of the Shoals
 57315 | Shoals:4 | Found a flickering gateway to a bazaar.
 57339 | Bazaar   | Entered a bazaar
 57339 | Bazaar   | Found Uwko's Armour Shoppe.
 57339 | Bazaar   | Found Utusafis's Book Shoppe.
 57498 | Bazaar   | Found Mear's Armour Emporium.
 57498 | Bazaar   | Found Hogutrof's Distillery.
 57523 | Bazaar   | Bought a potion of heal wounds for 50 gold pieces
 57523 | Bazaar   | Bought a potion of heal wounds for 50 gold pieces
 57523 | Bazaar   | Bought a potion of heal wounds for 50 gold pieces
 57523 | Bazaar   | Bought a potion of heal wounds for 50 gold pieces
 57523 | Bazaar   | Bought a potion of haste for 100 gold pieces
 57667 | Shoals:4 | Received a gift from Okawaru
 57691 | Shoals:4 | Identified the +6 spear "Xastur" {venom, rF+ Str+2}
 59496 | Shoals:4 | Reached XP level 18. HP: 154/154 MP: 24/24
 59513 | Shoals:4 | Received a gift from Okawaru
 59814 | Shoals:4 | Got the Collected Works on Torrid Dark Magic
 59886 | Shoals:4 | Received a gift from Okawaru
 60550 | Shoals:4 | Got a barnacled rune of Zot
 60812 | Shoals:4 | Reached skill level 15 in Crossbows
 61371 | Spider:4 | Entered Level 4 of the Spider Nest
 61456 | Spider:4 | Noticed Asterion
 61467 | Spider:4 | Killed Asterion
 64391 | Spider:4 | Identified the +1 ring mail of the Lonely Planets {+Blink
                  | Stlth+}
 64435 | Spider:4 | Got a gossamer rune of Zot
 65668 | Elf:2    | Found an ancient bone altar of Kikubaaqudgha.
 65732 | Elf:2    | Paralysed by an air elemental for 1 turns
 65736 | Elf:2    | Received a gift from Okawaru
 65905 | Elf:2    | Found a runed translucent door.
 65905 | Elf:2    | Noticed Soammui's ghost (adept MiBe)
 65971 | Elf:2    | Found a runed translucent gate.
 65972 | Elf:2    | Found a runed translucent gate.
 65973 | Elf:2    | Found a runed translucent gate.
 66586 | Elf:3    | Entered Level 3 of the Elven Halls
 66586 | Elf:3    | Found Tiypp's Jewellery Shoppe.
 67291 | Elf:3    | Received a gift from Okawaru
 67329 | Elf:3    | Paralysed by an air elemental for 1 turns
 67989 | Elf:3    | Reached XP level 19. HP: 152/165 MP: 25/25
 68571 | Elf:3    | Noticed a Brimstone Fiend
 68573 | Elf:3    | Reached skill level 19 in Unarmed Combat
 68744 | Elf:3    | Received a gift from Okawaru
 70169 | Elf:3    | Received a gift from Okawaru
 70547 | Elf:3    | Received a gift from Okawaru
 71882 | Elf:3    | Identified the +1 quarterstaff "Nosaojal" {vorpal, +Blink
                  | rC+ rN+++ Int-4}
 72359 | Elf:3    | Identified the +2 glaive "Pendulum" {vamp, Will+ Str-5
                  | Int+3 Dex+4}
 72825 | Elf:3    | Got the Collected Works on Hexes and Changing
 72839 | Elf:3    | Identified the +1 mace of Purpose {flame, rPois rC++ MP-9
                  | Int+2}
 73166 | Vaults:1 | Entered Level 1 of the Vaults
 73504 | Vaults:1 | Received a gift from Okawaru
 73703 | Vaults:1 | Received a gift from Okawaru
 74140 | Vaults:1 | Received a gift from Okawaru
 74510 | Vaults:1 | Received a gift from Okawaru
 75048 | Vaults:1 | Reached XP level 20. HP: 176/177 MP: 26/26
 75239 | Orc:1    | Bought a book of Transfigurations for 560 gold pieces
 75247 | Orc:1    | Learned a level 7 spell: Dragon Form
 75845 | Vaults:2 | Reached skill level 1 in Transmutations
 75885 | Vaults:1 | Received a gift from Okawaru
 76148 | Vaults:2 | Reached skill level 5 in Spellcasting
 77411 | Vaults:1 | Reached skill level 10 in Translocations
 78092 | Vaults:2 | Reached skill level 5 in Transmutations
 78641 | Vaults:2 | Found Jyps's Book Emporium.
 78708 | Vaults:2 | Reached skill level 15 in Fighting
 78951 | Vaults:2 | Received a gift from Okawaru
 79125 | Vaults:2 | Identified the ring of Joodepow {rElec rC+ rN+ rCorr Str+3}
 79437 | Vaults:3 | Noticed Jory
 79592 | Vaults:3 | Received a gift from Okawaru
 79606 | Vaults:3 | Killed Jory
 80116 | Vaults:3 | Found a staircase to the Crypt.
 81131 | Vaults:4 | Received a gift from Okawaru
 81136 | Vaults:4 | Reached XP level 21. HP: 149/184 MP: 32/32
 81153 | Vaults:4 | Found a crumbling gateway.
 81171 | Desolati | Entered the Desolation of Salt
 81274 | Desolati | Received a gift from Okawaru
 81565 | Desolati | Received a gift from Okawaru
 81732 | Desolati | Received a gift from Okawaru
 82335 | Desolati | Found the macabre finger necklace {rN+}
 82341 | Desolati | Identified the +7 quarterstaff "Naochuwk" {holy, rPois
                  | Str+4 Stlth+}
 82457 | Desolati | Identified the amulet "Honin" {RegenMP rPois rC+ Dex-5}
 82717 | Desolati | Identified the ring of Awifyakha {rPois Dex+3}
 82720 | Desolati | Got Sif Muna's Collected Works on Earth
 82734 | Desolati | Identified the +7 flail "Isaisch" {drain, Will- Str+4}
 83845 | Desolati | Identified the +8 quarterstaff of Ywahoh {flame, rPois}
 83847 | Desolati | Identified the +3 leather armour of Homen {-Cast rF+ Str+7}
 83848 | Desolati | Identified the +0 short sword of Analysis {freeze, rN+
                  | Str+2 Stlth+}
 84023 | Vaults:4 | Found Dyv Ene's Jewellery Emporium.
 84461 | Vaults:4 | Identified the +0 pair of boots "Hoveetifuu" {Rampage
                  | Stlth+} (Okawaru gifted it to you on level 4 of the Vaults)
 84461 | Vaults:4 | Received a gift from Okawaru
 84710 | Vaults:4 | Acquired the ring of the Okapi {rC++ MP-9 Int+6 Dex+3}
 85390 | Vaults:4 | Reached skill level 20 in Unarmed Combat
 85801 | Vaults:4 | Reached skill level 15 in Dodging
 86572 | Vaults:4 | Reached XP level 22. HP: 192/192 MP: 26/35
 86608 | Vaults:4 | Reached skill level 10 in Transmutations
 86878 | Vaults:4 | Received a gift from Okawaru
 87455 | D:15     | Entered Level 15 of the Dungeon
 87481 | D:15     | Found a staircase to the Depths.
 88799 | Depths:1 | Entered Level 1 of the Depths
 88824 | Depths:1 | Received a gift from Okawaru
 89237 | Depths:1 | Found a gateway to Hell.
 89527 | Depths:1 | Found a white marble altar of Elyvilon.
 89531 | Depths:1 | Found a glowing golden altar of the Shining One.
 89536 | Depths:1 | Found a glowing silver altar of Zin.
 89619 | Depths:1 | Found a glowing silver altar of Zin.
 89748 | Depths:2 | Received a gift from Okawaru
 90058 | Depths:2 | Received a gift from Okawaru
 90058 | Depths:2 | Found the +9 heavy crossbow "Sniper" {vorpal, Acc+∞ SInv}
 90750 | Depths:2 | Reached skill level 21 in Unarmed Combat
 90783 | Depths:2 | Received a gift from Okawaru
 92001 | Depths:3 | Reached XP level 23. HP: 197/199 MP: 27/36
 92898 | Depths:3 | Noticed Louise
 92908 | Depths:3 | Killed Louise
 93614 | Depths:3 | Reached ****** piety under Okawaru
 93671 | Depths:3 | You are sucked into a shaft and drop 2 floors!
 93671 | Depths:5 | Entered Level 5 of the Depths
 93835 | Depths:3 | Received a gift from Okawaru
 94089 | Depths:3 | Found a one-way gate leading to the halls of Pandemonium.
 94094 | Depths:3 | Received a gift from Okawaru
 94159 | Depths:3 | Found a one-way gate to the infinite horrors of the Abyss.
 94491 | Depths:3 | Reached skill level 15 in Transmutations
 94554 | Depths:3 | Noticed a juggernaut
 94569 | Depths:3 | Killed a juggernaut
 94569 | Depths:3 | Received a gift from Okawaru
 94863 | Depths:3 | Received a gift from Okawaru
 94886 | Depths:3 | Received a gift from Okawaru
 96753 | Depths:4 | Identified the +1 plate armour of Fogh {+Inv rF+ Str+4}
 98521 | Depths:4 | Found a gateway to a ziggurat.
 98990 | Depths:4 | Received a gift from Okawaru
 99005 | Depths:4 | Reached XP level 24. HP: 206/206 MP: 27/36
 99143 | Depths:4 | Noticed Frederick
 99160 | Depths:4 | Killed Frederick
 99160 | Depths:4 | Received a gift from Okawaru
 99383 | Depths:4 | Reached skill level 10 in Spellcasting
 99939 | Depths:4 | Received a gift from Okawaru
 99955 | Depths:4 | Reached skill level 5 in Stealth
 99955 | Depths:4 | Reached XP level 25. HP: 197/213 MP: 28/37
101410 | Depths:5 | Found Odeiteli's Jewellery Emporium.
101539 | Depths:5 | Found Qusyo's Jewellery Emporium.
101593 | Depths:5 | Found Ennaj's Book Shop.
102950 | Depths:5 | Found a gate to the Realm of Zot.
103958 | Elf:2    | Killed Soammui's ghost
104153 | Elf:2    | Noticed Nikola
104159 | Elf:2    | Killed Nikola
104231 | Elf:2    | Received a gift from Okawaru
105101 | Slime:1  | Entered Level 1 of the Pits of Slime
105277 | Slime:1  | Received a gift from Okawaru
108967 | Slime:4  | Reached XP level 26. HP: 224/224 MP: 29/38
109065 | Slime:4  | Gained mutation: You are dopey. (Int -2) [a shining eye]
110048 | Slime:3  | Gained mutation: You are very dopey. (Int -4) [a shining
                  | eye]
110050 | Slime:3  | Gained mutation: You are clumsy. (Dex -2) [a shining eye]
110512 | Slime:5  | Entered Level 5 of the Pits of Slime
110966 | Slime:5  | Gained mutation: Your body sometimes deteriorates upon
                  | taking damage. [a shining eye]
111198 | Slime:5  | Gained mutation: You are very clumsy. (Dex -4) [a shining
                  | eye]
111543 | Slime:5  | Noticed the Royal Jelly
112765 | Slime:5  | Killed the Royal Jelly
112765 | Slime:5  | Identified the +0 kite shield of the Wumpus {rN+++ Will-
                  | Stlth+} (Okawaru gifted it to you on level 5 of the Pits of
                  | Slime)
112765 | Slime:5  | Received a gift from Okawaru
113227 | Slime:5  | Got Jaicuevi's Disquisition on Supportive Transformation
113261 | Slime:5  | Identified the +8 long sword of the Unseen Realm {flame,
                  | rF+ Int+3 Stlth-}
113271 | Slime:5  | Got a slimy rune of Zot
113365 | Slime:5  | Identified the +5 kite shield "Towaogae" {+Blink rF- Str+5
                  | Int+9}
114283 | D:9      | Lost mutation: You are very dopey. (Int -4) [potion of
                  | mutation]
114283 | D:9      | Lost mutation: You are dopey. (Int -2) [potion of mutation]
114283 | D:9      | Lost mutation: You are very clumsy. (Dex -4) [potion of
                  | mutation]
114283 | D:9      | Gained mutation: Your magical capacity is low. (-10% MP)
                  | [potion of mutation]
114283 | D:9      | Gained mutation: You evolve. [potion of mutation]
114462 | Lair:5   | Lost mutation: You are clumsy. (Dex -2) [potion of
                  | mutation]
114462 | Lair:5   | Lost mutation: Your magical capacity is low. (-10% MP)
                  | [potion of mutation]
114462 | Lair:5   | Gained mutation: Your tail ends in a poisonous barb.
                  | [potion of mutation]
114462 | Lair:5   | Gained mutation: Your body often deteriorates upon taking
                  | damage. [potion of mutation]
114462 | Lair:5   | Gained mutation: You expend magic power (3 MP) to
                  | strengthen your wands. [potion of mutation]
114541 | Lair:4   | Lost mutation: Your body often deteriorates upon taking
                  | damage. [potion of mutation]
114541 | Lair:4   | Lost mutation: Your body sometimes deteriorates upon taking
                  | damage. [potion of mutation]
114541 | Lair:4   | Lost mutation: Your tail ends in a poisonous barb. [potion
                  | of mutation]
114541 | Lair:4   | Gained mutation: You have a somewhat thin skeletal
                  | structure. (Dex +2, Stealth+) [potion of mutation]
115333 | Vaults:2 | Lost mutation: You evolve. [end of evolution]
115400 | Vaults:5 | Entered Level 5 of the Vaults
115823 | Vaults:5 | Reached skill level 22 in Unarmed Combat
115830 | Vaults:5 | Noticed a dread lich
116163 | Vaults:4 | Killed a dread lich
116425 | Vaults:5 | Noticed an ancient lich
116909 | Vaults:5 | Killed an ancient lich
116921 | Vaults:5 | Received a gift from Okawaru
116947 | Vaults:5 | HP: 16/342 [freezing wraith (6)]
116947 | Vaults:5 | HP: 7/342 [???[a deep elf demonologist] (3)]
116948 | Vaults:5 | Hit by a large rock thrown by a stone giant

Illustrated notes

Levels and vault maps discovered:
D:1:      mrwooster_arrival_statue, layout_basic, st_stairs_8
D:2:      cheibrodos_fertilizer, layout_rooms,
          hellmonk_ecumenical_altar_heavens_door,
          chequers_serial_rivers_micro_e, st_stairs_6, chequers_decorated_corner
D:3:      layout_loops_ring, serial_shops, shop,
          minmay_fractal_squares_gapless_5, uniq_jessica
D:4:      layout_layer_cave, gammafunk_ghost_cemetery, minmay_small_thing,
          uniq_menkaure
D:5:      layout_rooms, kennysheep_minor_cross, minmay_tree_intersection,
          minmay_misc_feat_enclosed
D:6:      layout_loops_ring, minmay_temple_entry_metal_lava,
          minmay_misc_feat_four_crosses, hangedman_glass_teeth
D:7:      layout_loops_ring, trog_ov_bears_minmay, grunt_temple_overflow_open,
          serial_shops, shop, nicolae_evil_shop, uniq_pikel, uniq_duvessa
D:8:      layout_rooms, lair_entry_dummy, serial_shops,
          nicolae_shop_statue_plus, uniq_harold
D:9:      layout_loops_ring, minmay_misc_feat_encased,
          hangedman_abyss_or_decor_stabs
D:10:     layout_irregular_city, elyvilon_altar_3, orc_0_dummy
D:11:     layout_cave_pools, serial_bayou, serial_bayou_lake_a,
          serial_bayou_pond_a, serial_bayou_pond_d, serial_bayou_pond_e,
          grunt_ministairs_8, kennysheep_generic_room_14
D:12:     layout_stronghold, enter_bailey_2, uniq_snorg
D:13:     minmay_angry_zag, layout_cave_pools, uniq_nessos
D:14:     layout_roguey, lightli_vaults_fourway_checkpoint, nrook_pool_corridor,
          chequers_serial_rivers_micro_e, minmay_unpleasant_kobolds
D:15:     gammafunk_depths_entry_grave, layout_loops_cross
Temple:   nicolae_temple_hex_pool
Lair:1:   layout_cave_shapes, grunt_megastairs_4, serial_bayou_shore_b,
          infiniplex_staircase_pool_2
Lair:2:   layout_chaotic_city, grunt_megastairs_3
Lair:3:   layout_chaotic_city, spider_nest_entry_web_field, ice2_lemuel,
          infiniplex_staircase_pool
Lair:4:   nzn_winding_woodlands_small [nzn_winding_woodlands_5x15_default,
          nzn_winding_woodlands_center_garden,
          nzn_winding_woodlands_5x15_jagged], layout_loops_ring,
          minmay_shoals_entry_hut, ebering_ghost_disaster_area, serial_bayou,
          serial_bayou_crossing, serial_bayou_shore_b, serial_bayou_pond_e,
          serial_bayou_pond_a, beast_lair_carwin_9
Lair:5:   layout_concentric_octagons, lemuel_fruit_fields
Lair:6:   hangedman_lair_caniforms_friends, layout_layer_cave,
          guppyfry_lair_end_dragon, nicolae_slime_entry_slimehenge,
          disabler_island
Shoals:1: layout_shoals
Shoals:2: layout_shoals
Shoals:3: layout_shoals
Shoals:4: shoals_end_grunt_ice, layout_shoals, serial_shops, freezing_bzr,
          nicolae_shoals_seven_spires
Spider:1: layout_chambers, nicolae_spider_altar_of_dancing, uniq_aizul
Spider:2: layout_spider_delve, nicolae_spider_checkerboard
Spider:3: layout_chambers
Spider:4: grunt_spider_rune_parallel, special_room [special_room_bee],
          uniq_asterion
Slime:1:  cheibrodos_slime_lost_civilization_8, layout_caves
Slime:2:  layout_caves
Slime:3:  layout_caves
Slime:4:  layout_caves
Slime:5
Orc:1:    layout_caves, serial_shops, nicolae_shop_competitors_out_of_business,
          shop, shop, nicolae_square_shop, shop_coins, david_defended_altar_orc,
          uniq_maurice
Orc:2:    st_orc_elflike, layout_diamond_mine, uniq_rupert
Elf:1:    minmay_elf_arrival_plus, layout_gridlike, basic_altar,
          hangedman_corner_corridor, st_stairs_14, hellmonk_bongcloud_opening,
          small_chamber_with_monster, uniq_donald
Elf:2:    elven_hall_of_blades_hangedman_original
          [nicolae_blade_entry_diamond_columns], layout_onion_city,
          gammafunk_ghost_grave, basic_altar, uniq_nikola
Elf:3:    minmay_elf_hall_circle, layout_geoelf_diagonals, serial_shops,
          nicolae_shop_stone
Vaults:1: v_rooms_2, v_alt_pattern_6, v_misc_10, ontoclasm_vaults_spin,
          v_alt_pattern_4, v_misc_26, vaults_dpeg_ring, nicolae_vaults_asterisk,
          hangedman_vaults_trim, grunt_vaults_diagonal, ontoclasm_vaults_twist,
          layout_vaults_maze, serial_glass
Vaults:2: v_pattern_4, nicolae_vaults_network_quincunx
          [nicolae_vaults_network_quincunx_subvault,
          nicolae_vaults_network_quincunx_subvault,
          nicolae_vaults_network_quincunx_subvault,
          nicolae_vaults_network_quincunx_subvault,
          nicolae_vaults_network_quincunx_subvault], v_misc_12, v_alt_pattern_3,
          v_misc_1, vaults_room_fancy_cross, v_rooms_1, nicolae_vaults_theta,
          vaults_room_ringed_pool, vaults_room_hallway, layout_vaults_omnibox,
          serial_shops, nicolae_lakefront_shop
Vaults:3: minmay_crypt_entry_nasty_monster, ontoclasm_vaults_hangar,
          nicolae_vaults_little_squares_6, v_pattern_2, vaults_dpeg_spiral,
          vaults_room_semicircle, v_misc_26, layout_vaults_omnigrid, uniq_jory
Vaults:4: v_misc_14, vaults_mumra_lcd, v_misc_33,
          nicolae_vaults_inception_scallops, v_rooms_3,
          nicolae_vaults_ninety_degrees, v_misc_23,
          nicolae_vaults_little_squares_1, v_misc_5, nicolae_vaults_meeting,
          v_pattern_3, layout_vaults_ring, portal_desolation_entry_nicolae_slug,
          serial_shops, nicolae_shop_crystal
Vaults:5: serial_shops
Depths:1: layout_cave_shapes, pf_hell_entry_tar_river, good_gods_mini_temple,
          st_stairs_12, zin_treasury
Depths:2: grunt_house_of_mirrors, layout_gridlike, minmay_hedge_maze,
          grunt_hell_entry_dis_grunt, infiniplex_staircase_pillars_3a
Depths:3: minmay_fractal_lines_corner, layout_cave_shapes,
          corexii_leaking_fountain, nicolae_abyss_entry_one_way_or_another,
          rand_demon_pan_entry_9, pf_coc_iceberg, grunt_megastairs_5,
          serial_bayou_shore_a, infiniplex_staircase_star
Depths:4: lemuel_river_lethe, abyss_entry, serial_shops, hell_entry,
          uniq_frederick
Depths:5: evilmike_zot_entry_diamond, layout_cave_pools, hell_entry,
          minmay_shop_grove

Skill      XL: |  1  2  3  4  5  6  7  8  9 10 11 12 13 14 15 16 17 18 19 20 21 22 23 24 25 26 |
---------------+-------------------------------------------------------------------------------+-----
Unarmed Combat | 4 5 6 8 9 10 11 12 13 14 16 17 18 19 20 21 22 | 22.2
Crossbows      | 2 4 6 8 9 10 12 14 15 16 17 18 | 18.0
Dodging        | 4 5 6 8 9 10 12 13 14 15 16 | 16.6
Fighting       | 4 6 8 9 10 12 13 14 15 16 17 | 17.2
Invocations    | 2 5 7 9 |  9.9
Spellcasting   | 2 3 4 7 9 10 11 12 | 12.7
Translocations | 2 3 5 6 7 9 11 12 | 12.0
Stealth        | 3 5 8 9 |  9.0
Hexes          | 3 6 |  6.0
Transmutations | 7 9 12 17 18 | 18.0

Action                   |  1- 3 |  4- 6 |  7- 9 | 10-12 | 13-15 | 16-18 | 19-21 | 22-24 | 25-27 || total
-------------------------+-------+-------+-------+-------+-------+-------+-------+-------+-------++-------
Melee: Unarmed           |   128 |   145 |   269 |   296 |  1171 |   528 |   573 |   511 |   459 ||  4080
       Punch             |     2 |     4 |    11 |    22 |    94 |    57 |    56 |    70 |    52 ||   368
       Tailslap          |    18 |    14 |    32 |    45 |   169 |    68 |    84 |   107 |    85 ||   622
       Dagger            |       |    23 |       |       |       |       |       |       |       ||    23
       Bite              |       |       |       |       |       |       |       |     3 |    46 ||    49
 Fire: Hand crossbow     |       |       |     4 |   179 |   204 |       |       |       |       ||   387
       Arbalest          |       |       |       |       |   498 |   891 |   601 |   648 |   430 ||  3068
       Heavy crossbow    |       |       |       |       |       |       |       |    16 |     5 ||    21
Throw: Throwing net      |       |     1 |       |     1 |     1 |       |       |       |       ||     3
       Dart              |       |       |       |       |       |       |     6 |     4 |     4 ||    14
 Cast: Portal Projectile |       |       |       |       |       |    10 |    19 |     7 |    11 ||    47
       Apportation       |       |       |       |       |       |     3 |       |       |    56 ||    59
       Manifold Assault  |       |       |       |       |       |       |       |    12 |    22 ||    34
       Dragon Form       |       |       |       |       |       |       |       |     6 |    34 ||    40
       Passage of Golubr |       |       |       |       |       |       |       |     1 |       ||     1
Invok: Heroism           |       |       |       |     4 |    34 |    21 |    40 |    15 |     7 ||   121
       Finesse           |       |       |       |       |     5 |     2 |     5 |     1 |     4 ||    17
 Abil: Breathe Fire      |       |       |    21 |    21 |    24 |    10 |     3 |     6 |     4 ||    89
       End Transformatio |       |       |       |       |       |       |       |       |     4 ||     4
Evoke: Wand              |       |       |       |       |       |       |       |       |     1 ||     1
  Use: Scroll            |       |     5 |    10 |     8 |     9 |     6 |     9 |     4 |     5 ||    56
       Potion            |       |     2 |       |     5 |     5 |     3 |     3 |     3 |     5 ||    26
 Stab: Sleeping          |     3 |     1 |     1 |       |     5 |     2 |     3 |       |       ||    15
       Distracted        |       |       |       |       |     2 |       |       |     1 |     4 ||     7
       Held in net/web   |       |       |       |       |       |     2 |       |       |       ||     2
Armor: Skin              |    35 |    40 |    72 |   128 |   443 |   360 |   210 |   218 |   297 ||  1803
Dodge: Dodged            |    54 |    78 |   131 |   246 |   885 |   610 |   460 |   513 |   420 ||  3397
Block: Other             |       |       |       |       |       |   125 |    73 |       |       ||   198
       Reflection        |       |       |       |       |       |     7 |    24 |       |     1 ||    32
